 Dungeon Crawl Stone Soup version 0.27.1-1-g398f81649c (webtiles) character file.

Game seed: 14517500390850516409

36 MajorAdolf the Magician (level 3, -1/33 HPs)
             Began as a Naga Wanderer on Sept 7, 2021.
             Slain by Jessica (2 damage)
             ... on level 2 of the Dungeon.
             The game lasted 00:01:26 (1478 turns).

MajorAdolf the Magician (Naga Wanderer)             Turns: 1478, Time: 00:01:26

Health: -1/33      AC:  5    Str: 19    XL:     3   Next: 37%
Magic:  7/7        EV:  8    Int: 10    God:
Gold:   49         SH:  0    Dex:  8    Spells: 8/8 levels left

rFire    . . .     SeeInvis +   a - +0 spear
rCold    . . .     Faith    .   (no shield)
rNeg     . . .     Spirit   .   f - +0 ring mail
rPois    +         Reflect  .   (helmet restricted)
rElec    .         Harm     .   (no cloak)
rCorr    .         Rampage  .   (no gloves)
Will     .....                  (no barding)
Stlth    ..........             (no amulet)
HPRegen  0.11/turn              (no ring)
MPRegen  0.10/turn              (no ring)

@: short of breath, very slow
A: AC +1, large, see invisible, deformed body, poison resistance, slowness 2,
spit poison 1, naga tail 1, horns 1, iridescent scales 1, mutation resistance 1
a: Spit Poison


You were on level 2 of the Dungeon.
You visited 1 branch of the dungeon, and saw 2 of its levels.

You collected 49 gold pieces.

Inventory:

Hand Weapons
 a - a +0 spear (weapon)
Armour
 b - a +0 robe
 f - a +0 ring mail (worn)
Scrolls
 c - a scroll of torment {unknown}
 d - 3 scrolls of identify {unknown}
 g - a scroll of enchant armour {unknown}
Potions
 e - a potion of mutation


   Skills:
 + Level 2.6 Fighting
 - Level 1.0 Throwing
 + Level 1.7 Armour
 + Level 1.2 Dodging
 - Level 1.0 Shields
 - Level 3.0 Spellcasting
 - Level 2.0 Translocations


You had 8 spell levels left.
You didn't know any spells.
Your spell library contained the following spells:

 Spells                   Type           Power      Damage    Failure   Level
 Blink                    Tloc           N/A        N/A       32%         2
 Gell's Gravitas          Tloc           2%         N/A       54%         3
 Lesser Beckoning         Tloc           2%         N/A       54%         3
 Teleport Other           Tloc           5%         N/A       54%         3
 Passwall                 Tmut/Erth      0%         N/A       58%         2
 Wereblood                Tmut           1%         N/A       58%         2
 Manifold Assault         Tloc           5%         N/A       99%         5


Dungeon Overview and Level Annotations

Branches:
Dungeon (2/15)

Altars:

Annotations:
D:2 Jessica


Innate Abilities, Weirdness & Mutations

Your serpentine skin is tough. (AC +1)
You have supernaturally acute eyesight. (SInv)
Armour fits poorly on your strangely shaped body.
Your system is resistant to poisons. (rPois)
You cover ground very slowly.
You can spit poison.
You have a snake-like lower body.
You have a pair of small horns on your head.
You are partially covered in iridescent scales. (AC +2)
You are somewhat resistant to further mutation.


Message History

The bat barely misses you. x2
Press: ? - help, Shift-Dir - straight line, f - bat
Aim: a bat The splash of poison hits the bat.
The bat is poisoned.
You kill the bat!
The jackal barks!
Unknown command.
You closely miss Jessica.
Jessica casts a spell.
Jessica blinks!
The jackal bites you.
The jackal bites you but does no damage.
The jackal bites you but does no damage.
You hit the jackal.
You kill the jackal!
You have got your breath back.
Jessica barely misses you.
You see here a jackal corpse.
Press: ? - help, Shift-Dir - straight line, f - Jessica
Aim: Jessica, wielding a +0 club and wearing a +0 robe (fast)
The splash of poison misses Jessica.
Jessica hits you with a +0 club. x2
Unknown command.
You hit Jessica but do no damage. Jessica hits you with a +0 club.
Jessica misses you.
You hit Jessica but do no damage. Jessica hits you with a +0 club.
You hit Jessica.
Jessica is moderately wounded.
Jessica hits you with a +0 club. x2
You hit Jessica.
Jessica is severely wounded.
Jessica casts a spell at you. Pain shoots through your body!
* * * LOW HITPOINT WARNING * * *
Jessica hits you with a +0 club.
* * * LOW HITPOINT WARNING * * *
Okay, then.
It was a potion of mutation.
You feel extremely strange.
You feel genetically stable. A pair of horns grows on your head!
Iridescent scales grow over part of your body.
Jessica hits you with a +0 club.
You die...

.......###..
....h.....#.
#.#........
#@#.#...#.####
###............#
#....$^......... .
#.............
....##....####..##
#.........@@.<##
#..##....###### <.
#....# #....#
######


You could see Jessica (fast).

Vanquished Creatures
  A dart slug (D:1)
  4 endoplasms (D:1)
  A giant cockroach (D:1)
  4 goblins (D:1)
  5 hobgoblins (D:1)
  7 jackals
  3 ball pythons (D:1)
  A bat (D:2)
  2 rats (D:1)
28 creatures vanquished.

Notes
Turn   | Place    | Note
-------+----------+-------------------------------------------
     0 | D:1      | MajorAdolf the Naga Wanderer began the quest for the Orb.
     0 | D:1      | MajorAdolf set off with the following items: a +0 spear, a
                  | +0 robe; and the following spells available to memorise:
                  | Blink, Gell's Gravitas, Lesser Beckoning, Teleport Other,
                  | Passwall, Wereblood, Manifold Assault
     0 | D:1      | Reached XP level 1. HP: 19/19 MP: 4/4
   190 | D:1      | Reached XP level 2. HP: 24/26 MP: 6/6
   684 | D:1      | Found a faded altar of an unknown god.
   687 | D:1      | Reached skill level 1 in Dodging
   771 | D:1      | Reached XP level 3. HP: 18/33 MP: 7/7
  1462 | D:2      | Noticed Jessica
  1477 | D:2      | HP: 1/33 [Jessica (2)]
  1478 | D:2      | Gained mutation: You are somewhat resistant to further
                  | mutation. [potion of mutation]
  1478 | D:2      | Gained mutation: You have a pair of small horns on your
                  | head. [potion of mutation]
  1478 | D:2      | Gained mutation: You are partially covered in iridescent
                  | scales. (AC +2) [potion of mutation]
  1478 | D:2      | Slain by Jessica

Illustrated notes

Levels and vault maps discovered:
D:1:      minmay_arrival_doors, layout_loops_ring,
          hellmonk_ecumenical_altar_dog_temple
D:2:      layout_rooms, minmay_pentomino_t4, uniq_natasha, uniq_jessica,
          uniq_sigmund

Skill      XL: |  1  2 |
---------------+-------+-----
Dodging        | 1 |  1.2
Fighting       | |  2.6
Throwing       | |  1.0
Armour         | |  1.7
Shields        | |  1.0
Spellcasting   | |  3.0
Translocations | |  2.0

Action                   || total
-------------------------++-------
Melee: Spear             ||    71
 Abil: Spit Poison       ||    12
  Use: Potion            ||     1
Armor: Robe              ||     3
       Ring mail         ||     7
Dodge: Dodged            ||    23
